 Dungeon Crawl Stone Soup version 0.26-a0-651-gb41185065b (webtiles) character file.

Game seed: 6591545314962866681

90078 vurker the Covert (level 15, 0/105 HPs)
             Began as a Gnoll Enchanter on Oct 18, 2020.
             Was the Champion of Cheibriados.
             Slain by Jorgrun
             ... wielding an uncursed staff of earth
              (7 damage)
             ... on level 14 of the Dungeon.
             The game lasted 00:53:49 (22247 turns).

vurker the Covert (Gnoll Enchanter)                Turns: 22247, Time: 00:53:50

Health: 0/105      AC: 22    Str: 26    XL:     15   Next: 99%
Magic:  1/30       EV: 22    Int: 38    God:    Cheibriados [******]
Gold:   1497       SH: 15    Dex: 35    Spells: 31/37 levels left

rFire    + . .     SeeInvis +   a - +10 lance "Wyrmbane" {slay drac, rPois rF+ rC+ AC+3}
rCold    + + .     Faith    .   e - +0 kite shield of the Heavens {rElec Dex+4}
rNeg     . . .     Spirit   .   k - +0 troll leather armour
rPois    +         Reflect  .   q - +1 helmet {SInv}
rElec    +         Harm     .   L - +2 cloak
rCorr    .         Rampage  .   (no gloves)
MR       +....                  T - +2 pair of boots
Stlth    ++++++....             j - amulet of regeneration
HPRegen  1.07/turn              z - +4 ring of protection
MPRegen  0.22/turn              S - ring of protection from cold

@: grasped by roots, no potions, constricted, very slow
A: distributed training, fangs 1, frail 1, strong nose
a: Bend Time, Temporal Distortion, Slouch, Step From Time, Renounce Religion


You were on level 14 of the Dungeon.
You worshipped Cheibriados.
Cheibriados was exalted by your worship.
You visited 4 branches of the dungeon, and saw 23 of its levels.
You also visited: Bailey and Ice Cave.

You collected 3886 gold pieces.
You spent 2389 gold pieces at shops.

Inventory:

Hand Weapons
 a - the +10 lance "Wyrmbane" (weapon) {slay drac, rPois rF+ rC+ AC+3}
   (You found it on level 9 of the Dungeon)

   It affects your AC (+3).
   It protects you from fire.
   It protects you from cold.
   It protects you from poison.
 b - a +2 broad axe of draining
   (You took it off an orc knight on level 2 of the Orcish Mines)
Missiles
 i - 69 poisoned darts (quivered)
 N - 9 curare-tipped darts
Armour
 e - the +0 kite shield of the Heavens (worn) {rElec Dex+4}
   (You bought it in a shop on level 2 of the Orcish Mines)

   It affects your dexterity (+4).
   It insulates you from electricity.
 k - a +0 troll leather armour (worn)
   (You found it on level 9 of the Dungeon)
 q - a +1 helmet of see invisible (worn)
   (You found it on level 4 of the Dungeon)
 L - a +2 cloak (worn)
   (You found it on level 8 of the Dungeon)
 T - a +2 pair of boots (worn)
   (You found it on level 14 of the Dungeon)
 V - a +1 hat of intelligence
   (You took it off Gastronok on level 12 of the Dungeon)
Jewellery
 j - an amulet of regeneration (around neck)
   (You found it on level 2 of the Dungeon)
 n - an uncursed ring of ice
   (You found it on level 6 of the Dungeon)
 z - a +4 ring of protection (left hand)
   (You found it on level 4 of the Lair of Beasts)
 A - an uncursed ring of fire
   (You found it on level 11 of the Dungeon)
 S - a ring of protection from cold (right hand)
   (You found it on level 5 of the Lair of Beasts)
Wands
 c - a wand of disintegration (12)
   (You found it on level 10 of the Dungeon)
 d - a wand of iceblast (22)
   (You found it on level 1 of the Lair of Beasts)
 t - a wand of flame (55)
   (You took it off Ijyb on level 3 of the Dungeon)
 u - a wand of paralysis (10)
   (You took it off Erica on level 2 of the Lair of Beasts)
 v - a wand of digging (11)
   (You found it on level 6 of the Dungeon)
 y - a wand of enslavement (11)
   (You found it on level 8 of the Dungeon)
 Q - a wand of polymorph (18)
   (You found it on level 4 of the Lair of Beasts)
Scrolls
 f - 7 scrolls of teleportation
 g - a scroll of magic mapping
 p - 11 scrolls of remove curse
 s - 3 scrolls of enchant weapon
 x - a scroll of vulnerability
 B - 4 scrolls of amnesia
 F - 2 scrolls of immolation
 H - 4 scrolls of fog
 M - 2 scrolls of blinking
 O - 4 scrolls of enchant armour
 R - a scroll of summoning
 U - 2 scrolls of identify
 X - a scroll of silence
Potions
 h - 4 potions of magic
 l - 10 potions of curing
 o - a potion of heal wounds
 r - 2 potions of ambrosia
 w - 2 potions of brilliance
 C - 2 potions of lignification
 D - a potion of flight
 G - 3 potions of might
 I - 6 potions of mutation
 J - a potion of invisibility
 K - 2 potions of resistance
Miscellaneous
 E - a tin of tremorstones (3/3)
   (You found it in a bailey)
 P - a phantom mirror
   (You found it on level 5 of the Lair of Beasts)


   Skills:
 + Level 10.4 Fighting
 + Level 10.7 Short Blades
 + Level 10.4 Long Blades
 + Level 10.4 Axes
 + Level 10.4 Maces & Flails
 + Level 10.4 Polearms
 + Level 10.4 Staves
 + Level 10.4 Slings
 + Level 10.4 Bows
 + Level 10.4 Crossbows
 + Level 10.4 Throwing
 + Level 10.4 Armour
 + Level 11.3 Dodging
 + Level 11.8 Stealth
 + Level 10.4 Shields
 + Level 10.4 Unarmed Combat
 + Level 11.5 Spellcasting
 + Level 8.8 Conjurations
 + Level 10.3 Hexes
 + Level 8.8 Summonings
 + Level 8.8 Necromancy
 + Level 8.8 Translocations
 + Level 8.8 Transmutations
 + Level 8.8 Fire Magic
 + Level 8.8 Ice Magic
 + Level 8.8 Air Magic
 + Level 8.8 Earth Magic
 + Level 8.8 Poison Magic
 + Level 11.3 Invocations
 + Level 10.4 Evocations


You had 31 spell levels left.
You knew the following spells:

 Your Spells              Type           Power        Failure   Level
a - Ozocubu's Refrigerat  Ice            ######....   14%         6

Your spell library contained the following spells:

 Spells                   Type           Power        Failure   Level
 Animate Skeleton         Necr           ######       1%          1
 Apportation              Tloc           ######       1%          1
 Beastly Appendage        Tmut           ######       1%          1
 Corona                   Hex            #######      1%          1
 Freeze                   Ice            ####         1%          1
 Pain                     Necr           ####         1%          1
 Shock                    Conj/Air       ####         1%          1
 Summon Small Mammal      Summ           ####         1%          1
 Ensorcelled Hibernation  Hex/Ice        ######       1%          2
 Slow                     Hex            #######.     1%          2
 Swiftness                Air            ######..     1%          2
 Wereblood                Tmut           ######..     1%          2
 Confusing Touch          Hex            #######.     1%          3
 Dazzling Flash           Conj/Hex       ######       1%          3
 Frozen Ramparts          Ice            ######       1%          3
 Gell's Gravitas          Tloc           ######....   1%          3
 Inner Flame              Hex/Fire       #######.     1%          3
 Lesser Beckoning         Tloc           ######....   1%          3
 Ozocubu's Armour         Ice            ######..     1%          3
 Portal Projectile        Hex/Tloc       ######       1%          3
 Spider Form              Tmut/Pois      ######....   1%          3
 Static Discharge         Conj/Air       ######..     1%          3
 Tukima's Dance           Hex            #######.     1%          3
 Vampiric Draining        Necr           ######....   1%          3
 Airstrike                Air            ######....   1%          4
 Animate Dead             Necr           ######....   1%          4
 Cause Fear               Hex            #######...   1%          4
 Hailstorm                Conj/Ice       ######..     1%          4
 Ice Form                 Ice/Tmut       ######..     1%          4
 Leda's Liquefaction      Hex/Erth       #######...   1%          4
 Petrify                  Tmut/Erth      ######..     1%          4
 Summon Ice Beast         Ice/Summ       ######..     1%          4
 Metabolic Englaciation   Hex/Ice        #######...   1%          5
 Summon Mana Viper        Hex/Summ       #######.     1%          5
 Yara's Violent Unravell  Hex/Tmut       #######...   1%          5
 Agony                    Necr           ######..     2%          5
 Alistair's Intoxication  Tmut/Pois      ######...    2%          5
 Blade Hands              Tmut           ######....   2%          5
 Lightning Bolt           Conj/Air       ######....   2%          5
 Summon Demon             Summ           ######....   2%          5
 Summon Forest            Summ/Tloc      ######....   2%          5
 Invisibility             Hex            #######.     8%          6
 Dispersal                Tloc           ######....   14%         6
 Shadow Creatures         Summ           N/A          14%         6
 Simulacrum               Ice/Necr       ######....   14%         6
 Summon Hydra             Summ           ######....   58%         7
 Disjunction              Tloc           ######....   99%         8


Dungeon Overview and Level Annotations

Branches:
Dungeon (14/15)            Temple (1/1) D:6            Lair (6/6) D:8
 Shoals (0/4) Lair:2        Snake (0/4) Lair:3        Slime (0/5) Lair:6
    Orc (2/2) D:9             Elf (0/3) Orc:2        Vaults (0/5) D:14
 Bailey (visited)           IceCv (visited)

Altars:
Ashenzari
Cheibriados
Dithmenos
Elyvilon
Fedhas
Gozag
Hepliaklqana
Kikubaaqudgha
Makhleb
Nemelex Xobeh
Okawaru
Qazlal
Ru
Sif Muna
Trog
Uskayaw
Vehumet
Wu Jian
Xom
Yredelemnul
Zin
The Shining One
Beogh
Jiyva

Shops:
D:4 *   D:6 ?   D:13 [?(   Orc:2 (:[*

Annotations:
D:14 Jorgrun
Orc:1 1 runed translucent door, emiel's ghost, journeyman TrDe


Innate Abilities, Weirdness & Mutations

Your experience applies equally to all skills.
You have very sharp teeth.
Your uncanny sense of smell can sniff out nearby items.
You are frail. (-10% HP)


Message History

You can drink potions again.
You block Jorgrun's attack.
Jorgrun points at you and mumbles some strange words.
Roots burst forth from the earth!
The grasping roots grab you! The grasping roots constrict you!
Your magical contamination has completely faded away.
You puncture Jorgrun! You bite Jorgrun, but do no damage. You hit Jorgrun.
You bite Jorgrun. Jorgrun hits you but does no damage.
The grasping roots constrict you!
You barely miss Jorgrun. Your bite misses Jorgrun.
Jorgrun hits you with an uncursed staff of earth.
The grasping roots constrict you!
The roots' grasp on you weakens, but your attempt to escape fails.
You escape the roots' grasp.
Jorgrun hits you but does no damage.
Jorgrun hits you with an uncursed staff of earth!
You hit Jorgrun. You bite Jorgrun, but do no damage.
You block Jorgrun's attack.
You hit Jorgrun. Your bite misses Jorgrun. You puncture Jorgrun!
You bite Jorgrun, but do no damage.
Jorgrun hits you with an uncursed staff of earth!
You closely miss Jorgrun. Your bite misses Jorgrun.
You completely miss Jorgrun. You bite Jorgrun. Jorgrun completely misses you.
You hit Jorgrun but do no damage. Your bite misses Jorgrun.
Jorgrun hits you with an uncursed staff of earth.
You puncture Jorgrun! You bite Jorgrun. You hit Jorgrun.
You bite Jorgrun, but do no damage. You puncture Jorgrun!
You block Jorgrun's attack.
You closely miss Jorgrun. Your bite misses Jorgrun.
Jorgrun points at you and mumbles some strange words.
The iron shot hits you!!
* * * LOW HITPOINT WARNING * * *
You puncture Jorgrun!
The heat is drained from your surroundings.
You resist.
You feel very cold.
Jorgrun is frozen.
Jorgrun hits you with an uncursed staff of earth!
* * * LOW HITPOINT WARNING * * *
Unknown command.
The heat is drained from your surroundings.
You resist.
You feel very cold.
Jorgrun is frozen.
Jorgrun casts a spell at you.
Roots burst forth from the earth!
The grasping roots grab you!
* * * LOW HITPOINT WARNING * * *
The grasping roots constrict you!
Unknown command.
The mass of ice explodes!
The iceblast engulfs Jorgrun!
You hear a shout!
Jorgrun completely misses you.
You die...

#........###g....####.....
##..........#....# .....).
#...........##### .......
###............. .......
#............. ..
#.)..#.##+##..
#.).#...>..# .
######..†.......#..
#........#g@....'..
#........##.#####..
######.............
#.#............ #
########.#### #.# #.# #.#
##


You could see Jorgrun.

Vanquished Creatures
  Gastronok (D:12)
  Kirke (D:12)
  An orc warlord (Orc:2)
  2 ice dragons (IceCv)
  An ogre mage (D:14)
  An anaconda (Lair:6)
  4 catoblepae
  5 hydras
  A centaur warrior (D:12)
  7 death yaks
  Erica (Lair:2)
  A death knight (D:11)
  6 two-headed ogres
  5 orc high priests
  Sonja (Lair:3)
  A fire crab (Lair:6)
  4 skeletal warriors (D:12)
  An unseen horror (D:14)
  Pikel (D:7)
  2 ugly things
  6 orc sorcerers
  4 orc knights
  4 cyclopes
  10 elephants
  3 manticores
  5 black mambas
  2 ice statues (IceCv)
  A gargoyle (D:9)
  10 cane toads
  Maggie (D:7)
  A kobold demonologist (D:12)
  6 komodo dragons
  7 rime drakes
  A queen bee (Lair:4)
  4 polar bears (Lair:1)
  A hornet (D:10)
  7 trolls
  3 meliai (Lair:4)
  Prince Ribbit (D:7)
  11 blink frogs
  5 slime creatures (D:13)
  A snapping turtle (Lair:2)
  8 hippogriffs
  A meliai zombie (D:14)
  A shadow (D:9)
  2 wraiths
  A vampire (D:12)
  2 water elementals (D:13)
  3 wyverns
  47 yaks
  Grum (D:11)
  3 basilisks
  8 vampire mosquitoes
  3 hogs (D:12)
  A steam dragon (D:8)
  A warg (Orc:2)
  2 soldier ants
  21 water moccasins
  Duvessa (D:5)
  40 orc warriors
  10 porcupines
  17 ice beasts
  4 sky beasts
  2 black bears
  A hornet zombie (D:6)
  2 necrophages (D:9)
  4 phantoms
  9 wolves
  15 ogres
  2 eyes of draining
  10 centaurs
  17 crocodiles
  2 big kobolds
  2 lemures (D:7)
  14 bullfrogs
  Dowan (D:5)
  A water moccasin zombie (D:9)
  5 scorpions
  29 killer bees (Lair:4)
  A troll zombie (D:9)
  7 wights
  5 howler monkeys
  3 electric eels
  2 jellies (D:6)
  A crimson imp (D:5)
  4 centaur zombies
  A quasit (D:7)
  7 hounds
  23 orc priests
  2 bullfrog zombies
  24 orc wizards
  4 bullfrog skeletons
  Ijyb (D:3)
  4 iguanas
  8 worker ants
  2 hell rats (Lair:4)
  7 ogre zombies (D:9)
  A hound skeleton (D:5)
  13 adders
  8 gnolls
  A shadow imp (D:8)
  13 white imps
  5 ufetubi
  2 oozes
  An adder zombie (D:3)
  2 adder skeletons
  2 worms (D:3)
  4 dart slugs
  10 leopard geckos
  93 orcs
  2 ball pythons (D:2)
  10 bats
  4 giant cockroaches
  3 hobgoblins (D:2)
  8 jackals
  27 kobolds
  10 quokkas
  3 frilled lizards
  A giant cockroach zombie (D:5)
  5 goblins
  A goblin skeleton (D:9)
  3 hobgoblin skeletons (D:9)
  3 hobgoblin zombies (D:9)
  A leopard gecko zombie (D:7)
  An orc skeleton (D:9)
  17 orc zombies (D:9)
  7 rats
801 creatures vanquished.

Vanquished Creatures (others)
  A human (D:12)
  A bush (D:8)
  38 fungi
  63 plants
103 creatures vanquished.

Grand Total: 904 creatures vanquished

Notes
Turn   | Place    | Note
-------+----------+-------------------------------------------
     0 | D:1      | vurker the Gnoll Enchanter began the quest for the Orb.
     0 | D:1      | Reached XP level 1. HP: 13/13 MP: 6/6
   271 | D:1      | Reached XP level 2. HP: 19/19 MP: 7/7
   646 | D:2      | Found an iron altar of Okawaru.
   756 | D:2      | Reached XP level 3. HP: 24/25 MP: 9/9
   762 | D:2      | Found a glowing silver altar of Zin.
   767 | D:2      | Reached skill level 5 in Spellcasting
   797 | D:2      | Found a white marble altar of Elyvilon.
  1096 | D:2      | Reached skill level 1 in Invocations
  1230 | D:3      | Noticed a scorpion
  1237 | D:3      | Killed a scorpion
  1237 | D:3      | Reached skill level 1 in Fighting
  1237 | D:3      | Reached skill level 1 in Long Blades
  1237 | D:3      | Reached skill level 1 in Axes
  1237 | D:3      | Reached skill level 1 in Maces & Flails
  1237 | D:3      | Reached skill level 1 in Polearms
  1237 | D:3      | Reached skill level 1 in Staves
  1237 | D:3      | Reached skill level 1 in Slings
  1237 | D:3      | Reached skill level 1 in Bows
  1237 | D:3      | Reached skill level 1 in Crossbows
  1237 | D:3      | Reached skill level 1 in Throwing
  1237 | D:3      | Reached skill level 1 in Armour
  1237 | D:3      | Reached skill level 1 in Shields
  1237 | D:3      | Reached skill level 1 in Unarmed Combat
  1237 | D:3      | Reached skill level 1 in Conjurations
  1237 | D:3      | Reached skill level 1 in Summonings
  1237 | D:3      | Reached skill level 1 in Necromancy
  1237 | D:3      | Reached skill level 1 in Translocations
  1237 | D:3      | Reached skill level 1 in Transmutations
  1237 | D:3      | Reached skill level 1 in Fire Magic
  1237 | D:3      | Reached skill level 1 in Ice Magic
  1237 | D:3      | Reached skill level 1 in Air Magic
  1237 | D:3      | Reached skill level 1 in Earth Magic
  1237 | D:3      | Reached skill level 1 in Poison Magic
  1237 | D:3      | Reached skill level 1 in Evocations
  1237 | D:3      | Reached XP level 4. HP: 32/32 MP: 11/11
  1325 | D:3      | Reached XP level 5. HP: 23/37 MP: 12/12
  1776 | D:3      | Found an ornate altar of the Wu Jian Council.
  1830 | D:3      | Found a sacrificial altar of Ru.
  1975 | D:4      | Found Iqieq's Elemental Accessories.
  1975 | D:4      | Noticed Ijyb
  2045 | D:3      | Killed Ijyb
  2187 | D:5      | Entered Level 5 of the Dungeon
  2302 | D:5      | Found a glowing golden altar of the Shining One.
  2314 | D:5      | Noticed an ogre
  2346 | D:5      | Noticed an ice beast
  2358 | D:5      | Killed an ogre
  2358 | D:5      | Reached XP level 6. HP: 34/44 MP: 14/14
  2414 | D:5      | Found an ornate altar of the Wu Jian Council.
  2446 | D:5      | Reached skill level 5 in Dodging
  2602 | D:5      | Found a broken altar of Ashenzari.
  2620 | D:5      | Found a burning altar of Makhleb.
  2815 | D:5      | Reached XP level 7. HP: 50/50 MP: 15/15
  2820 | D:5      | You fall into a shaft and drop 1 floor!
  2934 | D:6      | HP: 2/51 [acid (9)]
  3155 | D:6      | Found a staircase to the Ecumenical Temple.
  3164 | Temple   | Entered the Ecumenical Temple
  3224 | Temple   | Became a worshipper of Cheibriados the Contemplative
  3467 | D:6      | Reached XP level 8. HP: 51/57 MP: 16/16
  3676 | D:5      | Found a radiant altar of Vehumet.
  3686 | D:5      | Noticed Duvessa
  3687 | D:5      | Noticed Dowan
  3759 | D:5      | Killed Duvessa
  3769 | D:5      | Killed Dowan
  4279 | D:6      | Reached * piety under Cheibriados
  4292 | D:6      | Found Erchauth's Magic Scroll Shop.
  4496 | D:6      | Found a sparkling altar of Nemelex Xobeh.
  5071 | D:6      | Found a staircase to the Ecumenical Temple.
  5415 | D:6      | Found Erchauth's Magic Scroll Shop.
  5442 | D:6      | Found a sparkling altar of Nemelex Xobeh.
  5707 | D:7      | Noticed Prince Ribbit
  5722 | D:7      | Killed Prince Ribbit
  5722 | D:7      | Reached XP level 9. HP: 53/65 MP: 18/18
  5751 | D:7      | Found a stormy altar of Qazlal.
  5858 | D:7      | Found an opulent altar of Gozag.
  5887 | D:7      | Reached skill level 5 in Short Blades
  5896 | D:7      | Noticed Maggie
  5897 | D:7      | Reached ** piety under Cheibriados
  5906 | D:7      | Noticed Pikel
  5908 | D:7      | Killed Maggie
  5949 | D:7      | Killed Pikel
  5949 | D:7      | Reached skill level 5 in Invocations
  6709 | D:8      | Reached XP level 10. HP: 49/73 MP: 20/20
  6827 | D:8      | Reached skill level 5 in Fighting
  6827 | D:8      | Reached skill level 5 in Long Blades
  6827 | D:8      | Reached skill level 5 in Axes
  6827 | D:8      | Reached skill level 5 in Maces & Flails
  6827 | D:8      | Reached skill level 5 in Polearms
  6827 | D:8      | Reached skill level 5 in Staves
  6827 | D:8      | Reached skill level 5 in Slings
  6827 | D:8      | Reached skill level 5 in Bows
  6827 | D:8      | Reached skill level 5 in Crossbows
  6827 | D:8      | Reached skill level 5 in Throwing
  6827 | D:8      | Reached skill level 5 in Armour
  6827 | D:8      | Reached skill level 5 in Shields
  6827 | D:8      | Reached skill level 5 in Unarmed Combat
  6827 | D:8      | Reached skill level 5 in Evocations
  6926 | D:8      | Noticed a two-headed ogre
  6929 | D:8      | Found a staircase to the Lair.
  6988 | D:8      | Reached *** piety under Cheibriados
  7715 | D:8      | Killed a two-headed ogre
  7966 | D:9      | Reached **** piety under Cheibriados
  7966 | D:9      | Reached XP level 11. HP: 81/81 MP: 22/22
  7991 | D:9      | Found a staircase to the Orcish Mines.
  8117 | D:9      | Found an ancient bone altar of Kikubaaqudgha.
  8269 | D:9      | Reached skill level 5 in Conjurations
  8269 | D:9      | Reached skill level 5 in Summonings
  8269 | D:9      | Reached skill level 5 in Necromancy
  8269 | D:9      | Reached skill level 5 in Translocations
  8269 | D:9      | Reached skill level 5 in Transmutations
  8269 | D:9      | Reached skill level 5 in Fire Magic
  8269 | D:9      | Reached skill level 5 in Ice Magic
  8269 | D:9      | Reached skill level 5 in Air Magic
  8269 | D:9      | Reached skill level 5 in Earth Magic
  8269 | D:9      | Reached skill level 5 in Poison Magic
  8423 | D:9      | Reached ***** piety under Cheibriados
  8468 | D:9      | Noticed a two-headed ogre
  8474 | D:9      | Noticed a cyclops
  8538 | D:9      | Found the +8 lance "Wyrmbane" {slay drac, rPois rF+ rC+
                  | AC+3}
  8572 | D:9      | Killed a two-headed ogre
  8592 | D:9      | Killed a cyclops
  8677 | D:9      | Got a glimmering ring mail
  8813 | D:9      | Identified the cursed +1 ring mail of Atheism {+Blink} (You
                  | found it on level 9 of the Dungeon)
  8908 | D:9      | Noticed a +0 dagger
  8909 | D:9      | Found a hide-covered altar of Uskayaw.
  8909 | D:9      | Noticed a +0 hand axe
  9170 | D:10     | Entered Level 10 of the Dungeon
  9261 | D:10     | Found a flagged portal.
  9272 | Bailey   | Entered a bailey
  9369 | Bailey   | Found a bloodstained altar of Trog.
 10104 | D:11     | Noticed a purple ugly thing
 10117 | D:11     | Killed a purple ugly thing
 10148 | D:11     | Noticed a cyclops
 10160 | D:11     | Killed a cyclops
 10223 | D:11     | Noticed Grum
 10251 | D:11     | Killed Grum
 10346 | D:11     | Reached XP level 12. HP: 89/89 MP: 24/24
 10398 | D:11     | Noticed a death knight
 10409 | D:11     | Killed a death knight
 10769 | Lair:1   | Entered Level 1 of the Lair of Beasts
 11423 | Lair:2   | Found a staircase to the Shoals.
 11766 | Lair:2   | Noticed Erica
 11781 | Lair:2   | Killed Erica
 12003 | Lair:3   | Found a basalt altar of Yredelemnul.
 12151 | Lair:3   | Found a staircase to the Snake Pit.
 12185 | Lair:3   | Noticed a catoblepas
 12198 | Lair:3   | Noticed a four-headed hydra
 12217 | Lair:3   | Reached ****** piety under Cheibriados
 12228 | Lair:3   | Killed a one-headed hydra
 12228 | Lair:3   | Reached XP level 13. HP: 78/98 MP: 26/26
 12267 | Lair:3   | Reached skill level 10 in Stealth
 12401 | Lair:3   | Noticed Sonja
 12567 | Lair:3   | Killed Sonja
 12682 | Lair:3   | Found a hazy altar of Hepliaklqana.
 13380 | Lair:4   | Found a frozen archway.
 13420 | IceCv    | Entered an ice cave
 13722 | IceCv    | Noticed an ice dragon
 13724 | IceCv    | Noticed an ice dragon
 13739 | IceCv    | Killed an ice dragon
 13748 | IceCv    | Killed an ice dragon
 14263 | Lair:4   | Reached skill level 10 in Spellcasting
 15388 | Lair:5   | Reached XP level 14. HP: 103/106 MP: 28/28
 15449 | Lair:5   | Reached skill level 10 in Dodging
 16141 | Lair:6   | Entered Level 6 of the Lair of Beasts
 16142 | Lair:6   | Found a viscous altar of Jiyva.
 16142 | Lair:6   | Found a staircase to the Slime Pits.
 16618 | Lair:6   | Reached skill level 10 in Invocations
 17454 | Lair:6   | Got a pitted scythe
 17802 | Orc:1    | Entered Level 1 of the Orcish Mines
 17880 | Orc:1    | Reached skill level 10 in Short Blades
 18177 | Orc:1    | Found a runed translucent door.
 18180 | Orc:1    | Found a shimmering altar of Xom.
 18180 | Orc:1    | Noticed emiel's ghost (journeyman TrDe)
 18238 | Orc:1    | Reached XP level 15. HP: 115/115 MP: 29/29
 18497 | Orc:2    | Entered Level 2 of the Orcish Mines
 18516 | Orc:2    | Paralysed by an orc sorcerer for 5 turns
 18751 | Orc:2    | Paralysed by an orc sorcerer for 6 turns
 18937 | D:4      | Bought Tolicizi's Incunabulum of the Frostbite for 789 gold
                  | pieces
 19056 | Orc:1    | Learned a level 6 spell: Ozocubu's Refrigeration
 19267 | Orc:2    | Gained mutation: You are frail. (-10% HP) [a neqoxec]
 19277 | Orc:2    | Reached skill level 10 in Hexes
 19412 | Orc:2    | Noticed an orc warlord
 19425 | Orc:2    | Killed an orc warlord
 19449 | Orc:2    | Reached skill level 10 in Fighting
 19449 | Orc:2    | Reached skill level 10 in Long Blades
 19449 | Orc:2    | Reached skill level 10 in Axes
 19449 | Orc:2    | Reached skill level 10 in Maces & Flails
 19449 | Orc:2    | Reached skill level 10 in Polearms
 19449 | Orc:2    | Reached skill level 10 in Staves
 19449 | Orc:2    | Reached skill level 10 in Slings
 19449 | Orc:2    | Reached skill level 10 in Bows
 19449 | Orc:2    | Reached skill level 10 in Crossbows
 19449 | Orc:2    | Reached skill level 10 in Throwing
 19449 | Orc:2    | Reached skill level 10 in Armour
 19449 | Orc:2    | Reached skill level 10 in Shields
 19449 | Orc:2    | Reached skill level 10 in Unarmed Combat
 19449 | Orc:2    | Reached skill level 10 in Evocations
 19713 | Orc:2    | Found a roughly hewn altar of Beogh.
 19717 | Orc:2    | Found a staircase to the Elven Halls.
 19981 | Orc:2    | Found Vaihol's Antique Armour Emporium.
 19982 | Orc:2    | Found Emop's Antique Weapon Shoppe.
 19983 | Orc:2    | Found Zuscheycy's General Store.
 19983 | Orc:2    | Found Inishoux's Book Emporium.
 20029 | Orc:2    | Bought a masterwork broad axe for 252 gold pieces
 20029 | Orc:2    | Identified the +4 broad axe "Borr" {flame, Int+4 SInv
                  | Stlth+} (You bought it in a shop on level 2 of the Orcish
                  | Mines)
 20041 | Orc:2    | Bought the cursed +0 kite shield of the Heavens {rElec
                  | Dex+4} for 334 gold pieces
 20132 | D:6      | Bought a scroll of magic mapping for 45 gold pieces
 20132 | D:6      | Bought a scroll of blinking for 97 gold pieces
 20132 | D:6      | Bought a scroll of summoning for 123 gold pieces
 20569 | D:12     | Noticed Kirke
 20575 | D:12     | Killed Kirke
 20889 | D:12     | Noticed Gastronok
 20908 | D:12     | Killed Gastronok
 21132 | D:13     | Found Zeint's Antique Armour Shop.
 21447 | D:13     | Found Finis's Magic Scroll Shop.
 21452 | D:13     | Found Limedar's Antique Weapon Shoppe.
 21494 | D:13     | Bought a scroll of brand weapon for 280 gold pieces
 21494 | D:13     | Bought a scroll of brand weapon for 280 gold pieces
 21494 | D:13     | Bought a scroll of silence for 105 gold pieces
 21494 | D:13     | Bought a scroll of fog for 28 gold pieces
 21494 | D:13     | Bought 2 scrolls of fog for 56 gold pieces
 22127 | D:14     | Found a gate to the Vaults.
 22222 | D:14     | Noticed Jorgrun
 22247 | D:14     | Slain by Jorgrun

Illustrated notes

Levels and vault maps discovered:
D:1:      scummos_arrival_simple_crosswalls, layout_loops_cross
D:2:      layout_loops_ring, lemuel_doored_altar, lemuel_crystal_altar,
          elyvilon_altar_3
D:3:      layout_rooms, marbit_many_paths, lemuel_crystal_altar
D:4:      layout_gridville, nicolae_elemental_shop, uniq_ijyb
D:5:      wad_pebble_path, layout_gridville, kennysheep_mini,
          makhleb_grotto_becter, evilmike_ruin_ashenzari, vehumet_crystals,
          basic_altar, uniq_duvessa
D:6:      layout_loops_corners, minmay_temple_entry_ruins, serial_shops, shop,
          kennysheep_cluttered_room, nemelex_dance_club_becter
D:7:      layout_loops_cross, nicolae_overflow_crystal_walls,
          grunt_qazlal_clouds, nicolae_zen_rock_garden, uniq_pikel,
          uniq_prince_ribbit1, uniq_maggie
D:8:      layout_basic, minmay_lair_entry_grove
D:9:      layout_basic, lemuel_crystal_altar, dancing_weapons_uskayaw,
          zombieorc2_lemuel, minmay_diamond_spiral
D:10:     layout_gridville, enter_bailey_3, hangedman_abyss_or_decor_stabs
D:11:     layout_loops_ring, uniq_grum
D:12:     layout_cave_pools, dk_vineyard_2, chequers_serial_rivers_micro_a,
          kennysheep_generic_room_8, uniq_gastronok, uniq_kirke
D:13:     layout_cave_pools, serial_shops, shop, shop, shop,
          kennysheep_small_spiral, chequers_serial_rivers_micro_c,
          minmay_misc_feat_alley
D:14:     layout_irregular_city, david_vaults_2,
          minmay_fractal_squares_diagonal_5, uniq_jorgrun
Temple:   jpeg_temple_island
Lair:1:   layout_hall_layers, cheibrodos_lair_lostbears
Lair:2:   layout_hall_layers, minmay_shoals_entry_hut, uniq_erica
Lair:3:   layout_regular_city, minmay_snake_entry_six_corridors, basic_altar,
          lemuel_centaur_altar, uniq_sonja
Lair:4:   regret_index_wax_grids, layout_regular_city,
          portal_ice_cave_entry_imps, chequers_serial_rivers_micro_c,
          infiniplex_staircase_pool
Lair:5:   layout_long_grid, serial_bayou, serial_bayou_pond_d,
          serial_bayou_pond_a, serial_bayou_pond_b, serial_bayou_pond_c,
          lemuel_fruit_tree
Lair:6:   evilmike_catoblepas_cave, layout_gridlike, slime_altar_1
Orc:1:    layout_caves, ebering_ghost_xom
Orc:2:    st_orc_congregation, layout_diamond_mine, basic_altar,
          gauntlet_entry_generic, mines_bat_river

Skill      XL: |  1  2  3  4  5  6  7  8  9 10 11 12 13 14 15 |
---------------+----------------------------------------------+-----
Spellcasting   | 5 6 7 8 9 10 11 | 11.5
Stealth        | 6 7 8 9 10 11 | 11.8
Invocations    | 1 2 3 4 5 6 7 8 9 10 11 | 11.3
Fighting       | 1 2 3 4 5 6 7 8 9 10 | 10.4
Long Blades    | 1 2 3 4 5 6 7 8 9 10 | 10.4
Axes           | 1 2 3 4 5 6 7 8 9 10 | 10.4
Maces & Flails | 1 2 3 4 5 6 7 8 9 10 | 10.4
Polearms       | 1 2 3 4 5 6 7 8 9 10 | 10.4
Staves         | 1 2 3 4 5 6 7 8 9 10 | 10.4
Slings         | 1 2 3 4 5 6 7 8 9 10 | 10.4
Bows           | 1 2 3 4 5 6 7 8 9 10 | 10.4
Crossbows      | 1 2 3 4 5 6 7 8 9 10 | 10.4
Throwing       | 1 2 3 4 5 6 7 8 9 10 | 10.4
Armour         | 1 2 3 4 5 6 7 8 9 10 | 10.4
Shields        | 1 2 3 4 5 6 7 8 9 10 | 10.4
Unarmed Combat | 1 2 3 4 5 6 7 8 9 10 | 10.4
Conjurations   | 1 2 3 4 5 6 7 8 |  8.8
Summonings     | 1 2 3 4 5 6 7 8 |  8.8
Necromancy     | 1 2 3 4 5 6 7 8 |  8.8
Translocations | 1 2 3 4 5 6 7 8 |  8.8
Transmutations | 1 2 3 4 5 6 7 8 |  8.8
Fire Magic     | 1 2 3 4 5 6 7 8 |  8.8
Ice Magic      | 1 2 3 4 5 6 7 8 |  8.8
Air Magic      | 1 2 3 4 5 6 7 8 |  8.8
Earth Magic    | 1 2 3 4 5 6 7 8 |  8.8
Poison Magic   | 1 2 3 4 5 6 7 8 |  8.8
Evocations     | 1 2 3 4 5 6 7 8 9 10 | 10.4
Short Blades   | 3 4 5 6 7 8 9 10 | 10.7
Dodging        | 5 6 7 8 9 10 11 | 11.3
Hexes          | 6 7 8 9 10 | 10.3

Action                   |  1- 3 |  4- 6 |  7- 9 | 10-12 | 13-15 || total
-------------------------+-------+-------+-------+-------+-------++-------
Melee: Dagger            |    94 |   297 |   155 |       |       ||   546
       Bite              |    11 |    32 |    76 |   215 |   319 ||   653
       Punch             |     1 |     5 |    10 |    61 |   100 ||   177
       Short sword       |       |       |   249 |   493 |       ||   742
       Lance             |       |       |       |   461 |  1454 ||  1915
       Scimitar          |       |       |       |     5 |    14 ||    19
Throw: Dart              |     5 |    27 |     6 |    12 |    13 ||    63
 Cast: Corona            |       |     2 |       |       |       ||     2
       Ozocubu's Refrige |       |       |       |       |    35 ||    35
Invok: Slouch            |       |       |       |     4 |     9 ||    13
Evoke: Wand              |       |     1 |    14 |     6 |     9 ||    30
       Tin of tremorston |       |       |       |     1 |     3 ||     4
       Phantom mirror    |       |       |       |       |     1 ||     1
  Use: Scroll            |       |     9 |     6 |    17 |    13 ||    45
       Potion            |       |     1 |     4 |     5 |       ||    10
 Stab: Sleeping          |    14 |     7 |     8 |    27 |    30 ||    86
       Distracted        |       |       |     1 |     7 |    21 ||    29
       Petrified         |       |       |       |     2 |       ||     2
Armor: Robe              |    25 |    21 |       |       |       ||    46
       Ring mail         |       |    37 |   123 |   117 |    49 ||   326
       Troll leather arm |       |       |       |    86 |   275 ||   361
Dodge: Dodged            |    84 |   172 |   298 |   710 |  1179 ||  2443
Block: Kite shield       |       |       |       |       |   140 ||   140
       Rpst.: Scimitar   |       |       |       |       |     4 ||     4

Table legend: (Time is in decaauts)
 A = Elapsed time spent in this place.
 B = Non-inter-level travel time spent in this place.
 C = Inter-level travel time spent in this place.
 D = Time resting spent in this place.
 E = Time spent auto-exploring this place.
 F = Levels seen in this place.
 G = Mean time per level.
                   A        B        C        D        E       F      G
               +--------+--------+--------+--------+--------+-----+--------+
         Total |  31542 |  29439 |   2103 |    674 |  21800 |  25 | 1261.7 |
       Dungeon |  16852 |  15593 |   1259 |    170 |  11699 |  14 | 1203.7 |
        Temple |     92 |     58 |     34 |      0 |     30 |   1 |   92.0 |
          Lair |  10610 |  10045 |    565 |    102 |   7975 |   6 | 1768.3 |
  Orcish Mines |   3087 |   2843 |    244 |    396 |   1676 |   2 | 1543.5 |
        Bailey |    252 |    252 |      0 |      0 |     98 |   1 |  252.0 |
      Ice Cave |    648 |    648 |      0 |      6 |    321 |   1 |  648.0 |
               +--------+--------+--------+--------+--------+-----+--------+

Top non-repeatable levels by time:
  Lair:4: 2971 daAuts
     D:6: 2677 daAuts
  Lair:6: 1980 daAuts
     D:9: 1955 daAuts
  Lair:3: 1868 daAuts
     D:8: 1809 daAuts
  Lair:5: 1772 daAuts
   Orc:1: 1659 daAuts
     D:7: 1541 daAuts
   Orc:2: 1427 daAuts
    D:13: 1334 daAuts
     D:5: 1292 daAuts
    D:12: 1255 daAuts
    D:11: 1234 daAuts
    D:10: 1131 daAuts
